Map: 赛博森林-天梯版

Players

MaSa

  • Race: Terran Terran
  • League: Gold

Harstem - Winner!

  • Race: Protoss Protoss

Event: WESG 2018 Grand Finals

VOD

Have the link to the VOD?

Description

Time

  • Played on: March 11, 2019, 4:37 a.m.
  • Length: 11:52

All games in this series

Show
View Real Time Build Order
Export as new Build Order

MaSa Terran 

Build Orders: Banshee Rush 

Get SALT Encoding   

  12  0:00  SCV  
  13  0:13  Supply Depot  
  13  0:18  SCV  
  14  0:30  SCV  
  15  0:38  Barracks  
  15  0:42  SCV  
  15  0:48  Refinery  
  16  0:55  SCV  
  17  0:57  Refinery  
  17  1:07  SCV  
  18  1:24  Orbital Command  
  19  1:25  Reaper  
  19  1:37  Bunker, Supply Depot  
  19  1:53  Factory  
  19  1:59  SCV  
  20  2:02  Marine  
  21  2:11  SCV  
  22  2:21  Marine  
  23  2:23  SCV  
  24  2:35  SCV  
  25  2:37  Starport  
  25  2:39  Marine  
  25  2:41  Widow Mine  
  28  2:47  SCV  
  29  2:57  Marine  
  29  2:59  SCV  
  30  3:08  Factory Tech Lab  
  30  3:11  SCV  
  31  3:14  Starport Tech Lab  
  31  3:31  Supply Depot  
  31  3:38  Cloaking Field  
  31  3:53  Banshee, Marine, Siege Tank, SCV  
  39  4:07  Supply Depot  
  39  4:09  SCV  
  38  4:21  SCV  
  37  4:29  Marine, Siege Tank  
  40  4:33  SCV  
  38  4:39  Banshee  
  38  4:45  SCV  
  41  4:51  Command Center  
  41  4:57  SCV  
  42  5:01  Cyclone  
  45  5:13  SCV  
  46  5:25  Barracks  
  46  5:29  Barracks  
  46  5:37  SCV  
  46  5:41  Raven  
  46  5:43  Barracks  
  46  5:53  SCV  
  47  6:03  Siege Tank  
  50  6:06  SCV  
  50  6:07  Orbital Command  
  50  6:09  Bunker  
  51  6:18  SCV  
  52  6:21  Barracks Tech Lab  
  52  6:24  Engineering Bay  
  52  6:26  Barracks Reactor  
  52  6:27  Supply Depot  
  52  6:30  SCV  
  53  6:38  Starport Reactor  
  53  6:40  Stimpack, Marine  
  53  6:41  SCV  
  53  6:42  SCV  
  53  6:45  Marine, Factory Reactor  
  57  6:51  Terran Infantry Weapons Level 1  
  57  6:53  Refinery  
  57  6:56  Combat Shield  
  56  7:04  Barracks  
  56  7:06  Barracks  
  56  7:07  SCV  
  52  7:09  SCV  
  52  7:10  Marine  
  54  7:19  SCV  
  54  7:21  SCV  
  54  7:22  Marine x3  
  59  7:25  Barracks Reactor  
  59  7:29  Medivac  
  61  7:33  Medivac  
  61  7:35  SCV  
  64  7:38  SCV  
  64  7:39  Marine  
  64  7:41  Marine  
  67  7:48  SCV  
  68  7:52  Marine  
  68  7:54  Marine  
  70  8:02  Marine x3  
  70  8:05  Marine, Siege Tank  
  74  8:06  Supply Depot  
  74  8:08  Marine x2  
  74  8:10  Marine  
  74  8:11  Liberator  
  74  8:12  Marine  
  78  8:20  Supply Depot  
  78  8:28  Medivac, Marine x2  
  78  8:29  Marine  
  86  8:39  Supply Depot  
  86  8:42  Marine x4  
  86  8:44  Siege Tank  
  86  8:46  Marine, Liberator  
  94  8:54  Supply Depot  
  94  8:58  Concussive Shells  
  94  9:00  Marine x5  
  102  9:15  Marine x4, SCV x2  
  108  9:18  Marine x2  
  108  9:22  Marine x3  
  108  9:33  Marine x2  
  108  9:36  Terran Infantry Armor Level 1  
  110  9:43  Marine  
  110  10:03  Marine x7, SCV, Supply Depot  
  118  10:07  Liberator, Supply Depot  
  118  10:10  Marine  
  118  10:11  Liberator  
  118  10:17  Missile Turret  
  118  10:24  Marine x5  
  126  10:31  Missile Turret  
  126  10:33  Marine x4  
  121  10:43  Siege Tank  
  121  10:44  Marine x2  
  121  10:49  Supply Depot  
  126  10:53  SCV  
  126  10:54  Supply Depot  
  126  10:57  Marine x3  
  127  11:01  Marine  
  128  11:06  Marine x2  
  120  11:20  Missile Turret  
  120  11:27  Marine x2  
  120  11:32  Marine  
Show
View Real Time Build Order
Export as new Build Order

Harstem Protoss - Winner!

Build Orders: 1 Gate Expand, Oracle Opening 

Get SALT Encoding   

  12  0:01  Probe  
  13  0:13  Probe  
  14  0:18  Pylon  
  14  0:25  Probe  
  15  0:33  Probe  
  15  0:37  Gateway  
  15  0:41  Probe  
  16  0:48  Assimilator  
  17  0:51  Probe  
  18  1:03  Probe  
  19  1:15  Probe  
  20  1:24  Nexus  
  20  1:31  Cybernetics Core  
  20  1:34  Probe  
  21  1:40  Assimilator  
  21  1:47  Probe  
  22  1:52  Pylon  
  22  1:59  Stalker, Probe  
  23  2:11  Probe  
  25  2:22  Stalker  
  25  2:24  Probe  
  24  2:36  Probe x2  
  27  2:46  Shield Battery  
  27  2:48  Shield Battery, Probe  
  27  2:49  Probe  
  29  2:59  Stalker  
  29  3:07  Stargate  
  29  3:12  Probe  
  32  3:13  Probe  
  33  3:20  Stalker  
  35  3:36  Probe  
  35  3:37  Shield Battery  
  36  3:42  Shield Battery  
  36  3:44  Oracle  
  36  3:47  Stalker  
  36  3:48  Warp Gate  
  38  4:00  Probe  
  39  4:03  Probe  
  40  4:13  Probe  
  40  4:15  Probe  
  44  4:25  Probe  
  44  4:27  Probe  
  44  4:31  Oracle  
  43  4:37  Probe  
  44  4:39  Probe  
  44  4:42  Pylon  
  44  4:44  Pylon  
  46  4:52  Probe  
  46  4:57  Gateway  
  46  5:00  Probe, Gateway  
  46  5:04  Probe  
  46  5:05  Pylon  
  48  5:12  Probe, Phoenix  
  51  5:16  Probe  
  48  5:24  Probe  
  48  5:27  Shield Battery  
  49  5:28  Probe  
  49  5:30  Oracle  
  50  5:36  Probe  
  50  5:37  Stalker  
  50  5:40  Probe  
  57  5:48  Probe  
  57  5:52  Probe  
  57  5:54  Sentry, Adept  
  62  5:59  Pylon  
  62  6:00  Probe  
  62  6:03  Assimilator  
  62  6:04  Adept  
  65  6:05  Probe  
  65  6:07  Phoenix  
  68  6:13  Probe  
  68  6:17  Probe  
  70  6:20  Pylon  
  70  6:25  Probe  
  71  6:27  Forge  
  71  6:29  Twilight Council, Probe  
  72  6:34  Nexus  
  72  6:39  Probe  
  73  6:42  Probe  
  74  6:48  Gateway  
  74  6:50  Gateway  
  74  6:52  Charge  
  74  6:53  Probe  
  75  6:56  Protoss Ground Armor Level 1  
  75  6:57  Assimilator  
  75  7:01  Gateway  
  75  7:12  Probe x2  
  77  7:21  Zealot x3  
  81  7:24  Probe  
  81  7:25  Pylon  
  81  7:29  Pylon  
  82  7:38  Gateway  
  82  7:39  Gateway  
  82  7:40  Templar Archives  
  82  7:43  Probe  
  83  7:45  Pylon  
  83  7:50  Probe  
  83  7:51  Zealot x2  
  84  7:54  Probe  
  84  7:56  Stalker  
  88  7:59  Probe  
  88  8:03  Probe  
  89  8:06  Probe  
  89  8:11  Probe  
  91  8:15  Probe  
  91  8:18  High Templar x2, Probe  
  97  8:21  Pylon, High Templar  
  97  8:22  High Templar  
  97  8:23  Probe  
  97  8:24  Pylon, Zealot  
  97  8:25  Archon  
  105  8:27  Probe  
  105  8:31  Archon  
  105  8:35  Zealot x3  
  105  8:38  Probe, Blink  
  105  8:40  Protoss Ground Armor Level 2  
  112  8:47  Zealot  
  114  8:50  Probe, Robotics Facility  
  114  8:53  Assimilator  
  114  8:55  Pylon  
  115  9:00  Zealot x3  
  119  9:24  Zealot x3  
  119  9:25  Zealot x5  
  119  9:28  Pylon  
  119  9:30  Dark Shrine  
  130  9:51  High Templar x2, Zealot x3  
  130  9:52  Zealot x3  
  146  10:02  Archon  
  140  10:08  Psionic Storm  
  139  10:16  Stalker x3  
  139  10:18  Stalker  
  146  10:22  High Templar  
  146  10:24  High Templar, Zealot x2  
  146  10:27  Pylon  
  154  10:34  Assimilator  
  150  10:41  Probe x2  
  142  10:46  Probe  
  142  10:47  Zealot x6  
  142  10:48  Photon Cannon  
  155  10:58  Probe  
  155  11:00  Dark Templar x2  
  156  11:12  Dark Templar  
  156  11:13  Zealot x4  
  162  11:19  Dark Templar  
  156  11:40  Zealot x2  
Tags
 
Add a new tag
Caveats
  • Supply blocks, unpowered buildings, or Contaminate may cause inaccurate times.
  • Supply counts are checked every 10 seconds.